 Dungeon Crawl Stone Soup version 0.25-a0-287-g56a5b49892 (webtiles) character file.

Game seed: 4079431162755206163, levelgen mode: deterministic

429 MoonlitKnight the Poker (level 6, -1/48 HPs)
             Began as a Merfolk Gladiator on Dec 12, 2019.
             Slain by an iguana (8 damage)
             ... on level 4 of the Dungeon.
             The game lasted 00:05:37 (2498 turns).

MoonlitKnight the Poker (Merfolk Gladiator)         Turns: 2498, Time: 00:05:37

Health: -1/48      AC:  5    Str: 16    XL:     6   Next: 98%
Magic:  6/6        EV: 15    Int:  7    God:
Gold:   213        SH:  0    Dex: 16    Spells: 5/5 levels left

rFire    + . .     SeeInvis .   a - +0 trident
rCold    . . .     Gourm    .   (no shield)
rNeg     . . .     Faith    .   b - +0 leather armour
rPois    .         Spirit   .   c - +0 helmet
rElec    .         Reflect  .   o - scarf {repulsion}
rCorr    .         Harm     .   h - +0 pair of gloves (curse)
MR       .....                  (no boots)
Stlth    +.........             (no amulet)
HPRegen  0.16/turn              k - ring of protection from fire
MPRegen  0.10/turn              (no ring)

@: repel missiles
A: change form in water, swift swim, stealthy swim
a: no special abilities


You were on level 4 of the Dungeon.
You were not hungry.

You visited 1 branch of the dungeon, and saw 4 of its levels.

You collected 213 gold pieces.

Inventory:

Hand Weapons
 a - a +0 trident (weapon)
 j - a +0 hunting sling
Missiles
 d - 3 throwing nets (quivered)
Armour
 b - a +0 leather armour (worn)
 c - a +0 helmet (worn)
 h - a cursed +0 pair of gloves (worn)
 o - a scarf of repulsion (worn)
Jewellery
 k - a ring of protection from fire (left hand)
Wands
 l - a wand of random effects (15)
Scrolls
 g - a scroll of amnesia {unknown}
 m - 2 scrolls of identify {unknown}
 q - 3 scrolls of remove curse {unknown}
Potions
 e - 4 potions of curing {unknown}
 i - a potion of haste {unknown}
 n - a potion of degeneration {unknown}
Comestibles
 f - 7 rations
 p - 7 chunks of flesh


   Skills:
 + Level 4.3 Fighting
 + Level 6.6 Polearms
 + Level 3.9 Throwing
 + Level 6.0 Dodging


You had 5 spell levels left.
You didn't know any spells.
Your spell library contained the following spells:

 Spells                   Type           Power        Failure   Level  Hunger
 Animate Skeleton         Necr           N/A          50%         1    ##.....
 Pain                     Necr           #...         50%         1    ##.....
 Regeneration             Chrm/Necr      #.........   86%         3    ####...
 Vampiric Draining        Necr           #.........   86%         3    ####...
 Animate Dead             Necr           N/A          99%         4    #####..


Dungeon Overview and Level Annotations

Branches:
Dungeon (4/15)
 Temple: D:4-7

Altars:
Dithmenos
Nemelex Xobeh
Yredelemnul

Annotations:
D:3 1 runed translucent door, dvd2's ghost, amateur VSEn


Message History

The iguana is moderately wounded.
The iguana completely misses you.
You hit the iguana but do no damage.
The iguana is moderately wounded.
The iguana bites you!
You closely miss the iguana.
The iguana is moderately wounded.
The iguana bites you.
You closely miss the iguana.
The iguana is moderately wounded.
The iguana bites you!
* * * LOW HITPOINT WARNING * * *
You hit the iguana.
The iguana is severely wounded.
The iguana bites you.
* * * LOW HITPOINT WARNING * * *
You hit the iguana but do no damage.
The iguana is severely wounded.
The iguana bites you!
You die...

[ #+# #. .. .#.##.#
#.%.... #.....
#.....## #....l.# .#
#@## ..# #.!###...#
##.......#
######.......# .
#..........### ..
#..........#
...#######..........#
.................####
...........#####..#


You could see an iguana.

Vanquished Creatures
  Sigmund (D:3)
  An ogre (D:4)
  Ijyb (D:3)
  A worker ant (D:4)
  6 adders
  4 gnolls (D:3)
  2 dart slugs
  A leopard gecko (D:1)
  7 giant cockroaches
  2 gnoll zombies (D:3)
  7 goblins
  2 hobgoblins
  4 kobolds
  3 bats
  A frilled lizard (D:2)
  12 rats
55 creatures vanquished.

Notes
Turn   | Place    | Note
-------+----------+-------------------------------------------
     0 | D:1      | MoonlitKnight the Merfolk Gladiator began the quest for the
                  | Orb.
     0 | D:1      | Reached XP level 1. HP: 16/16 MP: 1/1
    45 | D:1      | Reached XP level 2. HP: 13/23 MP: 2/2
   367 | D:1      | Reached XP level 3. HP: 28/28 MP: 3/3
   599 | D:2      | Reached skill level 5 in Polearms
   698 | D:2      | Reached XP level 4. HP: 21/34 MP: 4/4
  1264 | D:3      | Found a shadowy altar of Dithmenos.
  1290 | D:3      | Found a runed translucent door.
  1291 | D:3      | Noticed a bullfrog
  1294 | D:3      | Noticed dvd2's ghost (amateur VSEn)
  1499 | D:3      | Noticed Ijyb
  1512 | D:3      | Killed Ijyb
  1512 | D:3      | Reached skill level 5 in Dodging
  1579 | D:3      | Reached XP level 5. HP: 38/41 MP: 5/5
  1917 | D:3      | Found a basalt altar of Yredelemnul.
  2024 | D:3      | Found a sparkling altar of Nemelex Xobeh.
  2030 | D:3      | Noticed Sigmund
  2053 | D:3      | Killed Sigmund
  2053 | D:3      | Reached XP level 6. HP: 8/48 MP: 6/6
  2498 | D:4      | Slain by an iguana

Levels and vault maps discovered:
D:1:      doesnt_arrival_eight_statues, layout_rooms
D:2:      layout_rooms, first_ration
D:3:      layout_loops_cross, overflow_temple_1_default,
          lemuel_zombie_altar_yredelemnul, nemelex_xobeh_ov_fountains_minmay,
          ebering_ghost_sewer_d, uniq_ijyb, uniq_sigmund
D:4:      kb_forest_paths, layout_basic, kennysheep_slug_shrine,
          chei_slow_surprise

Skill      XL: |  1  2  3  4  5  6 |
---------------+-------------------+-----
Polearms       | 5 6 |  6.6
Fighting       | 3 4 |  4.3
Throwing       | 3 |  3.9
Dodging        | 5 6 |  6.0

Action                   |  1- 3 |  4- 6 || total
-------------------------+-------+-------++-------
Melee: Trident           |    70 |   139 ||   209
 Stab: Sleeping          |     3 |       ||     3
  Eat: Chunk             |       |     5 ||     5
Armor: Leather armour    |    17 |    17 ||    34
Dodge: Dodged            |    43 |    62 ||   105

Table legend:
 A = Non-vault XP
 B = Vault XP
 C = Vault XP percentage of total XP
 D = Non-vault monster count
 E = Vault monster count
 F = Vault count percentage of total count
                 A         B        C        D         E       F
            +---------+---------+-------+---------+---------+-------
      Total |     354 |     259 |  42.3 |      51 |       4 |   7.3
            +---------+---------+-------+---------+---------+-------
        D:1 |      37 |       0 |   0.0 |      20 |       0 |   0.0
        D:2 |      81 |       0 |   0.0 |      16 |       0 |   0.0
        D:3 |      69 |     259 |  79.0 |      11 |       4 |  26.7
        D:4 |     167 |       0 |   0.0 |       4 |       0 |   0.0
            +---------+---------+-------+---------+---------+-------
